 Dungeon Crawl Stone Soup version 0.28-a0-589-g333b8329f1 (webtiles) character file.

Game seed: 6645484058162856826

2054 bande the Covered (level 9, -13/54 HPs)
             Began as a Gargoyle Fighter on Oct 1, 2021.
             Was a Believer of Okawaru.
             Killed from afar by Maggie (21 damage)
             ... with a bolt of fire
             ... on level 8 of the Dungeon on Oct 3, 2021.
             The game lasted 00:15:14 (8188 turns).

bande the Covered (Gargoyle Fighter)                Turns: 8188, Time: 00:15:15

Health: -13/54     AC: 24    Str: 21    XL:     9   Next: 25%
Magic:  11/11      EV:  6    Int:  9    God:    Okawaru [**....]
Gold:   1513       SH:  6    Dex: 11    Spells: 8/8 levels left

rFire   . . .      SeeInvis .   l - +1 war axe (freeze)
rCold   . . .      Faith    .   c - +1 buckler
rNeg    + + .      Spirit   .   n - +0 plate armour
rPois   ∞          Reflect  .   (no helmet)
rElec   +          Harm     .   (no cloak)
rCorr   .          Rampage  .   i - +2 pair of gloves
Will    .....                   o - +0 pair of boots
Stlth   ..........              (no amulet)
HPRegen 0.18/turn               r - ring of positive energy
MPRegen 0.12/turn               (no ring)

@: mesmerised, studying Armour
A: sickness immunity, AC +6, negative energy resistance 1, electricity
resistance, torment resistance 1, petrification resistance
a: Renounce Religion, Heroism


You were on level 8 of the Dungeon.
You worshipped Okawaru.
Okawaru was pleased with you.
You visited 2 branches of the dungeon, and saw 9 of its levels.

You collected 1513 gold pieces.

Inventory:

Hand Weapons
 a - a +1 war axe
 l - a +1 war axe of freezing (weapon)
 t - a +3 mace
Armour
 c - a +1 buckler (worn)
 i - a +2 pair of gloves (worn)
 n - a +0 plate armour (worn)
 o - a +0 pair of boots (worn)
Jewellery
 r - a ring of positive energy (left hand)
Wands
 h - a wand of iceblast (8)
 q - a wand of polymorph (10)
Scrolls
 e - 4 scrolls of teleportation
 k - 5 scrolls of identify
 m - 4 scrolls of enchant armour
 s - a scroll of blinking {unknown}
Potions
 b - a potion of cancellation
 d - 2 potions of might
 g - 2 potions of curing
 j - 2 potions of brilliance
 p - 2 potions of haste


   Skills:
 + Level 5.3 Fighting
 + Level 7.0 Axes
 + Level 7.6 Armour
 + Level 5.0 Shields
 * Level 3.2 Invocations
 * Level 4.1 Evocations


You had 8 spell levels left.
You didn't know any spells.
Your spell library contained the following spells:

 Spells                   Type           Power      Damage    Failure   Level
 Portal Projectile        Hex/Tloc       0%         N/A       100%        3
 Blade Hands              Tmut           0%         N/A       100%        5
 Excruciating Wounds      Necr           0%         N/A       100%        5


Dungeon Overview and Level Annotations

Branches:
Dungeon (8/15)             Temple (1/1) D:6
   Lair: D:8-11

Altars:
Ashenzari
Cheibriados
Dithmenos
Elyvilon
Fedhas
Gozag
Hepliaklqana
Kikubaaqudgha
Makhleb
Nemelex Xobeh
Okawaru
Qazlal
Ru
Sif Muna
Trog
Uskayaw
Wu Jian
Xom
Yredelemnul
Zin
The Shining One

Annotations:
D:8 Maggie


Innate Abilities, Weirdness & Mutations

You are immune to sickness and miasma.
Your stone body is resilient. (AC +6)
You are immune to poison.
You resist negative energy. (rN+)
You are resistant to electric shocks. (rElec)
You are resistant to unholy torment.
You are immune to petrification.


Message History

You closely miss Maggie.
Maggie is heavily wounded.
Maggie hits you but does no damage.
Maggie gestures wildly while chanting.
Maggie attempts to bespell you! You resist with some effort.
You barely miss Maggie.
Maggie is heavily wounded.
Maggie closely misses you.
Unknown command.
You closely miss Maggie.
Maggie is heavily wounded.
Maggie barely misses you.
You hit Maggie. You freeze Maggie.
Maggie is severely wounded.
Maggie barely misses you.
You slash Maggie! You freeze Maggie.
Maggie is severely wounded.
Maggie hits you but does no damage.
You slash Maggie! You freeze Maggie.
Maggie is almost dead.
Maggie casts a spell.
Maggie attempts to bespell you!
You are mesmerised by Maggie!
You closely miss Maggie.
Maggie is almost dead.
Maggie points at you and mumbles some strange words.
The bolt of fire hits you but does no damage.
Maggie casts a spell at you. The bolt of fire hits you!
* * * LOW HITPOINT WARNING * * *
You feel better.
Maggie hits you with a +0 halberd of flaming.
* * * LOW HITPOINT WARNING * * *
Maggie burns you.
* * * LOW HITPOINT WARNING * * *
You barely miss Maggie.
Maggie is almost dead.
Maggie casts a spell at you. The bolt of fire hits you!!
You die...

## #.# #........ .## #.#
#......... ..## #.#
##......... ...### #.##
#.......... .....## #..#
#..........
......###..###.[........
.......##...............
.).....#..####..).......
.....(...## #...@@......
.........# ##..........
.........# #..........
#........# #..........
.####...## ###...#####
## ##### #####


You could see Maggie (mesmerising).

Vanquished Creatures
  A wyvern (D:7)
  Eustachio (D:4)
  A sky beast (D:7)
  An ice beast (D:7)
  A black bear (D:7)
  2 centaurs
  A phantom (D:7)
  2 ogres
  A bullfrog (D:4)
  2 scorpions
  A water moccasin zombie (D:5)
  A water moccasin skeleton (D:4)
  5 wights
  A howler monkey (D:4)
  3 hounds
  A jelly (D:7)
  3 centaur zombies
  A bullfrog skeleton (D:4)
  A centaur skeleton (D:7)
  Jessica (D:3)
  Terence (D:2)
  An iguana (D:5)
  An orc wizard (D:5)
  A killer bee zombie (D:6)
  A howler monkey zombie (D:6)
  A howler monkey skeleton (D:6)
  4 adders
  2 ufetubi
  A dart slug (D:4)
  13 orcs
  4 endoplasms
  2 giant cockroaches
  4 goblins
  5 hobgoblins
  3 jackals (D:1)
  5 kobolds
  9 ball pythons
  6 bats
  2 frilled lizards (D:1)
  9 rats
106 creatures vanquished.

Notes
Turn   | Place    | Note
-------+----------+-------------------------------------------
     0 | D:1      | bande the Gargoyle Fighter began the quest for the Orb.
     0 | D:1      | Reached XP level 1. HP: 14/14 MP: 1/1
   625 | D:1      | Reached XP level 2. HP: 14/19 MP: 2/2
  1451 | D:1      | Reached XP level 3. HP: 23/23 MP: 3/3
  1722 | D:2      | Noticed Terence
  1727 | D:2      | Killed Terence
  1815 | D:2      | Found an opulent altar of Gozag.
  1836 | D:2      | Found a faded altar of an unknown god.
  2216 | D:2      | Reached XP level 4. HP: 29/29 MP: 4/4
  2705 | D:3      | Found a glowing golden altar of the Shining One.
  2713 | D:3      | Noticed Jessica
  2727 | D:3      | Killed Jessica
  3869 | D:4      | Noticed Eustachio
  3899 | D:4      | Killed Eustachio
  3900 | D:4      | Reached skill level 1 in Evocations
  3900 | D:4      | Reached XP level 5. HP: 33/33 MP: 5/5
  3900 | D:4      | Reached XP level 6. HP: 38/38 MP: 6/6
  3964 | D:4      | Identified a scroll of acquirement
  3964 | D:4      | Acquired a manual of Armour
  4160 | D:4      | Found a shadowy altar of Dithmenos.
  4201 | D:4      | Reached skill level 5 in Armour
  4313 | D:4      | Reached XP level 7. HP: 43/43 MP: 7/7
  4697 | D:5      | Entered Level 5 of the Dungeon
  4925 | D:5      | Found a stormy altar of Qazlal.
  4928 | D:5      | Found a blossoming altar of Fedhas.
  5386 | D:5      | Reached skill level 5 in Axes
  5763 | D:6      | Upgraded the game from 0.28-a0-577-gb193047a1f to
                  | 0.28-a0-589-g333b8329f1
  5902 | D:6      | Found a staircase to the Ecumenical Temple.
  5913 | Temple   | Entered the Ecumenical Temple
  6083 | Temple   | Became a worshipper of Warmaster Okawaru
  6183 | D:6      | Reached XP level 8. HP: 44/48 MP: 8/8
  6445 | D:6      | Reached skill level 1 in Invocations
  7085 | D:7      | Acquired 1193 gold pieces
  7099 | D:7      | Reached * piety under Okawaru
  7219 | D:7      | Reached skill level 5 in Fighting
  7373 | D:7      | Noticed a wyvern
  7379 | D:7      | Killed a wyvern
  7380 | D:7      | Reached XP level 9. HP: 47/54 MP: 9/11
  7997 | D:7      | Reached skill level 5 in Shields
  8116 | D:8      | Reached ** piety under Okawaru
  8171 | D:8      | Noticed Maggie
  8188 | D:8      | Killed from afar by Maggie

Illustrated notes

Levels and vault maps discovered:
D:1:      saegor_arrival_simple_e, layout_loops_corners, serial_park_tiny_2
D:2:      layout_basic, hellmonk_ecumenical_altar_lost_god, basic_altar,
          kennysheep_generic_room_2, uniq_terence
D:3:      layout_loops_cross, tso_metal_star, uniq_jessica
D:4:      layout_rooms, mainiacjoe_overflow_six_doors_small,
          chequers_serial_rivers_small_b, amcnicky_mini_pool_small,
          uniq_eustachio
D:5:      layout_basic, grunt_temple_overflow_forces_of_nature
D:6:      layout_gridville, minmay_temple_entry_arrows, hex_large
D:7:      layout_rooms
D:8:      layout_cave_pods, kennysheep_mini, kennysheep_generic_room_13,
          uniq_maggie
Temple:   minmay_crystal_spiral_temple

Skill      XL: |  1  2  3  4  5  6  7  8  9 |
---------------+----------------------------+-----
Axes           | 2 3 4 5 6 7 |  7.0
Armour         | 4 5 6 7 |  7.6
Fighting       | 4 5 |  5.3
Evocations     | 1 2 3 4 |  4.1
Shields        | 4 5 |  5.0
Invocations    | 2 3 |  3.2

Action                   |  1- 3 |  4- 6 |  7- 9 || total
-------------------------+-------+-------+-------++-------
Melee: War axe           |    97 |   112 |   263 ||   472
  Use: Scroll            |     5 |     4 |     9 ||    18
       Potion            |       |     1 |     1 ||     2
Armor: Scale mail        |    64 |    20 |       ||    84
       Plate armour      |       |   105 |   221 ||   326
Dodge: Dodged            |    48 |    64 |   102 ||   214
Block: Buckler           |    19 |    40 |    76 ||   135

Table legend: (Time is in decaauts)
 A = Elapsed time spent in this place.
 B = Non-inter-level travel time spent in this place.
 C = Inter-level travel time spent in this place.
 D = Time resting spent in this place.
 E = Time spent auto-exploring this place.
 F = Levels seen in this place.
 G = Mean time per level.
                   A        B        C        D        E       F      G
               +--------+--------+--------+--------+--------+-----+--------+
         Total |   8327 |   8212 |    115 |    984 |   5236 |   9 |  925.2 |
       Dungeon |   8071 |   8040 |     31 |    984 |   5084 |   8 | 1008.9 |
        Temple |    256 |    172 |     84 |      0 |    152 |   1 |  256.0 |
               +--------+--------+--------+--------+--------+-----+--------+

Top non-repeatable levels by time:
     D:1: 1593 daAuts
     D:3: 1274 daAuts
     D:7: 1204 daAuts
     D:2: 1054 daAuts
     D:6: 987 daAuts
     D:5: 934 daAuts
     D:4: 857 daAuts
  Temple: 256 daAuts
     D:8: 164 daAuts
